 Dungeon Crawl Stone Soup version 0.21.1-1-g345015fe64 (webtiles) character file.

32515 Oravi the Spry (level 13, -15/81 HPs)
             Began as a Merfolk Transmuter on May 1, 2018.
             Was a High Priest of Okawaru.
             Killed from afar by a fire giant (43 damage)
             ... with a fireball
             ... on level 11 of the Dungeon.
             The game lasted 01:19:21 (14264 turns).

Oravi the Spry (Merfolk Transmuter)                Turns: 14264, Time: 01:19:21

Health: -15/81     AC:  2    Str: 14    XL:     13   Next: 65%
Magic:  10/14      EV: 44    Int: 16    God:    Okawaru [*****.]
Gold:   983        SH:  0    Dex: 20    Spells: 2/16 levels left

rFire    . . .     SeeInvis .     - Unarmed
rCold    . . .     Gourm    +   (shield currently unavailable)
rNeg     . . .     Faith    .   (armour currently unavailable)
rPois    x         Spirit   .   (helmet currently unavailable)
rElec    .         Reflect  .   (cloak currently unavailable)
rCorr    .         Harm     .   (gloves currently unavailable)
MR       .....                  (boots currently unavailable)
Stlth    +++.......             S - amulet of the gourmand
HPRegen  0.23/turn              K - +5 ring of evasion
MPRegen  0.14/turn              k - +3 ring of strength

@: spider-form, heroism
A: tiny, (change form in water), (swift swim), (stealthy swim), low mp 1
a: End Transformation, Heroism, Finesse, Renounce Religion


You were on level 11 of the Dungeon.
You worshipped Okawaru.
Okawaru was extremely pleased with you.
You were not hungry.
You were a venomous arachnid creature.
You visited 2 branches of the dungeon, and saw 13 of its levels.
You also visited: Ossuary and Bailey.

You collected 983 gold pieces.

Inventory:

Hand Weapons
 t - a +1 antimagic halberd
 O - a +5 halberd of venom
Missiles
 a - 178 arrows
 i - 334 stones
 E - 2 throwing nets
 M - 47 tomahawks of returning
 R - 7 javelins (quivered)
 V - 12 tomahawks
Armour
 b - a +1 robe (melded)
 r - a +1 leather armour of magic resistance
 v - a +1 pair of gloves (melded)
Jewellery
 k - a +3 ring of strength (right front leg)
 o - an uncursed ring of resist corrosion
 s - an uncursed ring of ice
 y - an uncursed amulet of guardian spirit
 z - an uncursed ring of positive energy
 H - an uncursed ring of protection from cold
 K - a +5 ring of evasion (left front leg)
 L - an uncursed amulet of regeneration
 S - an amulet of the gourmand (around neck)
 Z - an uncursed ring of poison resistance
Wands
 w - a wand of random effects (41)
 A - a wand of disintegration (2)
 B - a wand of flame (21)
 J - a wand of polymorph (12)
 N - a wand of digging (3)
 X - a wand of acid (7)
Scrolls
 e - a scroll of immolation
 f - 5 scrolls of fear
 g - 5 scrolls of enchant armour
 j - a scroll of amnesia
 p - 7 scrolls of enchant weapon
 u - 2 scrolls of magic mapping
 x - a scroll of teleportation
 I - 4 scrolls of remove curse
 T - a scroll of fog
Potions
 h - a potion of flight
 l - 4 potions of invisibility
 m - 2 potions of might
 n - 3 potions of resistance
 q - 4 potions of lignification
 C - 2 potions of curing
 G - a potion of brilliance {unknown}
 P - 3 potions of magic
 Q - 2 potions of agility {unknown}
Books
 c - a book of Changes

   Spells                             Type                      Level
   a - Beastly Appendage              Transmutation                1
   b - Sticks to Snakes               Transmutation                2
   c - Spider Form                    Transmutation/Poison         3
   d - Ice Form                       Ice/Transmutation            4
   e - Blade Hands                    Transmutation                5
 D - a book of Geomancy

   Spells                             Type                      Level
   a - Sandblast                      Earth                        1
   b - Passwall                       Transmutation/Earth          2
   c - Stone Arrow                    Conjuration/Earth            3
   d - Petrify                        Transmutation/Earth          4
   e - Lee's Rapid Deconstruction     Earth                        5
 F - a book of Party Tricks

   Spells                             Type                      Level
   a - Summon Butterflies             Summoning                    1
   b - Apportation                    Translocation                1
   c - Lesser Beckoning               Translocation                3
   d - Tukima's Dance                 Hexes                        3
   e - Alistair's Intoxication        Transmutation/Poison         5
   f - Invisibility                   Hexes                        6
 W - a book of Transfigurations

   Spells                             Type                      Level
   a - Irradiate                      Conjuration/Transmutation    5
   b - Statue Form                    Transmutation/Earth          6
   c - Hydra Form                     Transmutation                6
   d - Dragon Form                    Transmutation                7
Comestibles
 d - 25 rations


   Skills:
 - Level 1.1(6.1) Fighting
 + Level 15.7(20.7) Dodging
 + Level 14.5(19.5) Unarmed Combat
 - Level 2.0 Spellcasting
 + Level 14.0 Transmutations
 - Level 5.0 Ice Magic
 - Level 3.1 Poison Magic


You had 2 spell levels left.
You knew the following spells:

 Your Spells              Type           Power        Failure   Level  Hunger
a - Spider Form           Tmut/Pois      ####......   8%          3    ###....
b - Sticks to Snakes      Tmut           #####...     1%          2    ###....
c - Ice Form              Ice/Tmut       ####....     13%         4    #####..
d - Blade Hands           Tmut           #####.....   8%          5    ######.


Dungeon Overview and Level Annotations

Branches:
Dungeon (12/15)            Temple (1/1) D:5            Lair (0/6) D:11
    Orc (0/2) D:11

Altars:
Ashenzari
Cheibriados
Dithmenos
Elyvilon
Fedhas
Gozag
Hepliaklqana
Kikubaaqudgha
Makhleb
Nemelex Xobeh
Okawaru
Qazlal
Ru
Sif Muna
Trog
Uskayaw
Vehumet
Wu Jian
Xom
Yredelemnul
Zin
The Shining One

Shops:
D:7 %   D:8 =

Annotations:
D:5 tmwh's ghost, novice TrBe


Innate Abilities, Weirdness & Mutations

((You revert to your normal form in water.))
((You are very nimble and swift while swimming.))
((You are very stealthy in the water. (Stealth+)))
((You are partially covered in large bone plates. (SH +4)))
Your magical capacity is low. (-10% MP)


Message History

You bite the fire giant!
The fire giant is moderately wounded.
The fire giant completely misses you.
You hit the fire giant but do no damage.
The fire giant looks as sick as possible!
The fire giant is moderately wounded.
You hit the fire giant.
The fire giant looks as sick as possible!
The fire giant is moderately wounded.
The fire giant casts a spell at you.
The fireball explodes!
The fireball engulfs you!
Ouch! That really hurt!
* * * LOW HITPOINT WARNING * * *
The fireball engulfs the fire giant.
The fire giant resists.
You hear a shout!
You hear an angry hiss.
You feel better.
The fire giant gestures at you while chanting.
The fireball explodes!
The fireball engulfs you!
Ouch! That really hurt!
You die...

###..###.#######.......C.e†P.P.P.
.......#......##.........#..C..e.
....##.######.##.........#.......
........#......#.........#..P.P.P
....##..#.#########'#############
.....#..#.#>...#....#
####.#..#.#)...#.⌠..#
#.####.#...)#..⌠.# .
#.#....#...['sC..# F
#.#.##.########### .u ##.#.##.#
#).#.#### ###[##.##.# ..........#
..........# .........##
.##.####.#


You could see a fire giant.

Vanquished Creatures
  An orc warlord (Bailey)
  A frost giant (D:11)
  Fannar (D:12)
  6 two-headed ogres
  An unseen horror (D:11)
  An ugly thing (D:11)
  A manticore (D:12)
  An elephant (D:11)
  Maurice (D:9)
  A centaur skeleton (D:11)
  A komodo dragon (D:12)
  2 kobold demonologists (D:7)
  2 trolls (D:11)
  A hornet (D:11)
  7 hippogriffs
  2 wyverns
  A basilisk (D:11)
  3 hungry ghosts
  A steam dragon (D:11)
  3 vampire mosquitoes (D:12)
  A water moccasin (D:10)
  7 orc warriors
  A black bear (D:10)
  An eye of draining (D:11)
  2 ice beasts
  2 phantoms
  A necrophage (D:9)
  9 ogres
  2 big kobolds (D:7)
  4 centaurs
  A crocodile (D:11)
  2 gnoll sergeants (D:6)
  8 bullfrogs
  5 scorpions
  A water moccasin skeleton (D:10)
  16 killer bees
  A howler monkey (D:5)
  17 wights
  4 crimson imps
  3 centaur zombies
  2 bullfrog zombies
  A quasit (D:11)
  7 hounds
  2 bullfrog skeletons
  8 orc priests
  9 orc wizards
  8 worker ants
  2 ogre zombies (Ossuary)
  A big kobold zombie (Ossuary)
  A hound skeleton (D:6)
  6 mummies (Ossuary)
  5 worker ant zombies
  11 adders
  24 gnolls
  3 shadow imps
  An ooze (D:3)
  3 adder zombies (Ossuary)
  3 worms
  A dart slug (D:2)
  2 leopard geckos
  34 orcs
  7 giant cockroaches
  6 goblins
  8 hobgoblins
  4 jackals
  4 quokkas
  4 bats
  3 frilled lizards
  4 goblin zombies (Ossuary)
  2 hobgoblin zombies (Ossuary)
  A jackal zombie (D:6)
  20 kobolds
  5 kobold zombies (Ossuary)
  A leopard gecko skeleton (D:4)
  An orc zombie (Ossuary)
  6 quokka zombies (Ossuary)
  7 rats
  3 rat zombies (Ossuary)
346 creatures vanquished.

Vanquished Creatures (collateral kills)
  2 ogre zombies (Ossuary)
  An orc (Bailey)
3 creatures vanquished.

Vanquished Creatures (others)
  4 bushes (D:11)
4 creatures vanquished.

Grand Total: 353 creatures vanquished

Notes
Turn   | Place    | Note
-------+----------+-------------------------------------------
     0 | D:1      | Oravi the Merfolk Transmuter began the quest for the Orb.
     0 | D:1      | Reached XP level 1. HP: 15/15 MP: 3/3
   167 | D:1      | Reached XP level 2. HP: 11/21 MP: 3/5
   298 | D:1      | Learned a level 2 spell: Sticks to Snakes
   944 | D:2      | Reached XP level 3. HP: 26/26 MP: 4/6
   949 | D:2      | Learned a level 3 spell: Spider Form
  1265 | D:3      | Reached skill level 1 in Poison Magic
  1270 | D:3      | Reached XP level 4. HP: 21/32 MP: 4/7
  1690 | D:3      | Reached XP level 5. HP: 27/37 MP: 3/8
  1768 | D:3      | Found a blossoming altar of Fedhas.
  1895 | D:3      | Reached skill level 5 in Transmutations
  2234 | D:3      | Reached skill level 5 in Unarmed Combat
  2450 | D:3      | Reached XP level 6. HP: 41/43 MP: 2/9
  2705 | D:4      | Reached skill level 3 in Dodging
  2710 | D:4      | Reached XP level 7. HP: 26/48 MP: 6/10
  2890 | D:4      | Found a sand-covered staircase.
  2897 | Ossuary  | Entered an ossuary
  3647 | Ossuary  | Reached skill level 4 in Dodging
  3965 | Ossuary  | Gained mutation: You are occasionally teleported next to monsters. [potion of mutation]
  3965 | Ossuary  | Gained mutation: You are partially covered in yellow scales. (AC +2) [potion of mutation]
  4370 | D:4      | Reached skill level 5 in Dodging
  4540 | D:5      | Entered Level 5 of the Dungeon
  4622 | D:5      | Found a glowing silver altar of Zin.
  4645 | D:5      | Reached XP level 8. HP: 37/54 MP: 9/11
  4691 | D:5      | Found a snail-covered altar of Cheibriados.
  4698 | D:5      | Found an opulent altar of Gozag.
  4712 | D:5      | Reached skill level 6 in Dodging
  4872 | D:5      | Found a staircase to the Ecumenical Temple.
  4873 | D:5      | Noticed tmwh's ghost (novice TrBe)
  5424 | Temple   | Entered the Ecumenical Temple
  5999 | D:6      | Reached skill level 7 in Dodging
  7039 | D:7      | Found Houfish's Food Shoppe.
  7133 | D:7      | Noticed a hippogriff
  7139 | D:7      | Killed a hippogriff
  7139 | D:7      | Reached skill level 8 in Dodging
  7139 | D:7      | Reached XP level 9. HP: 59/59 MP: 8/12
  7147 | D:7      | Found a flagged portal.
  7229 | Bailey   | Entered a bailey
  7290 | Bailey   | Noticed an orc warlord
  7369 | Bailey   | Found a runed gate.
  7369 | Bailey   | Found a runed gate.
  7369 | Bailey   | Found a runed gate.
  7401 | Bailey   | Killed an orc warlord
  7401 | Bailey   | Reached skill level 10 in Dodging
  7401 | Bailey   | Reached skill level 10 in Unarmed Combat
  7499 | Bailey   | Reached XP level 10. HP: 54/65 MP: 1/13
  7819 | D:7      | Reached skill level 11 in Dodging
  7885 | D:7      | Noticed a kobold demonologist
  7908 | D:7      | Noticed a kobold demonologist
  7917 | D:7      | Killed a kobold demonologist
  7927 | D:7      | Killed a kobold demonologist
  8231 | D:8      | Found a white marble altar of Elyvilon.
  8249 | D:8      | Noticed a two-headed ogre
  8262 | D:8      | Killed a two-headed ogre
  8262 | D:8      | Reached skill level 12 in Dodging
  8330 | D:8      | Found Uniohip's Jewellery Boutique.
  8363 | D:8      | Found an iron altar of Okawaru.
  8381 | D:8      | Found a hide-covered altar of Uskayaw.
  8429 | D:8      | Found a stormy altar of Qazlal.
  8429 | D:8      | Found a shadowy altar of Dithmenos.
  8759 | D:8      | Became a worshipper of Warmaster Okawaru
  8820 | D:8      | Reached skill level 13 in Dodging
  8909 | D:8      | Reached XP level 11. HP: 61/70 MP: 2/14
  9022 | D:8      | Noticed a two-headed ogre
  9137 | D:8      | Killed a two-headed ogre
  9137 | D:8      | Reached * piety under Okawaru
  9240 | D:8      | Found a deep blue altar of Sif Muna.
  9260 | D:8      | Noticed a two-headed ogre
  9267 | D:8      | Killed a two-headed ogre
  9557 | D:8      | Identified a scroll of acquirement
  9703 | D:9      | Reached skill level 14 in Dodging
  9789 | D:9      | Noticed Maurice
  9789 | D:9      | Reached ** piety under Okawaru
  9829 | D:9      | Killed Maurice
  9940 | D:9      | Found a shadowy altar of Dithmenos.
 10442 | D:10     | Entered Level 10 of the Dungeon
 10494 | D:10     | Learned a level 4 spell: Ice Form
 10505 | D:10     | Learned a level 5 spell: Blade Hands
 10959 | D:10     | Reached skill level 1 in Ice Magic
 11493 | D:11     | Found a staircase to the Orcish Mines.
 11493 | D:11     | Noticed a two-headed ogre
 11503 | D:11     | Killed a two-headed ogre
 11503 | D:11     | Reached *** piety under Okawaru
 11503 | D:11     | Received a gift from Okawaru
 11547 | D:11     | Found a staircase to the Lair.
 11637 | D:11     | Noticed a two-headed ogre
 11656 | D:11     | Killed a two-headed ogre
 11858 | D:11     | Reached XP level 12. HP: 76/76 MP: 11/15
 12161 | D:11     | Reached **** piety under Okawaru
 12281 | D:11     | You fall through a shaft!
 12309 | D:12     | Reached skill level 15 in Dodging
 12588 | D:12     | Noticed a two-headed ogre
 12600 | D:12     | Killed a two-headed ogre
 12928 | D:12     | Noticed an eight-headed hydra
 12971 | D:11     | Lost mutation: You are occasionally teleported next to monsters. [potion of mutation]
 12971 | D:11     | Lost mutation: You are partially covered in yellow scales. (AC +2) [potion of mutation]
 12971 | D:11     | Gained mutation: Your magical capacity is low. (-10% MP) [potion of mutation]
 12971 | D:11     | Gained mutation: You are partially covered in large bone plates. (SH +4) [potion of mutation]
 13179 | D:11     | Noticed a frost giant
 13206 | D:11     | Reached XP level 13. HP: 31/81 MP: 0/14
 13319 | D:11     | Reached skill level 5 in Ice Magic
 13889 | D:12     | Noticed Fannar
 13908 | D:12     | Killed Fannar
 13908 | D:12     | Reached ***** piety under Okawaru
 14162 | D:11     | Killed a frost giant
 14251 | D:11     | Noticed a fire giant
 14264 | D:11     | Killed from afar by a fire giant

Skill      XL: |  1  2  3  4  5  6  7  8  9 10 11 12 13 |
---------------+----------------------------------------+-----
Transmutations | 3 4 5 6 7 8 13 14 | 14.0
Unarmed Combat | 4 5 6 7 9 10 12 13 14 | 14.5
Poison Magic   | 1 2 3 |  3.1
Dodging        | 3 5 8 10 13 14 15 | 15.7
Ice Magic      | 3 4 5 |  5.0
Fighting       | |  1.1
Spellcasting   | |  2.0

Action                   |  1- 3 |  4- 6 |  7- 9 | 10-12 | 13-15 || total
-------------------------+-------+-------+-------+-------+-------++-------
Melee: Unarmed           |    86 |   122 |   334 |   627 |   100 ||  1269
       Headbutt          |     8 |     1 |       |       |       ||     9
       Punch             |       |       |       |       |     1 ||     1
Throw: Stone             |    17 |    30 |     6 |     5 |       ||    58
       Javelin           |       |       |    23 |     9 |       ||    32
       Tomahawk          |       |       |       |    10 |       ||    10
 Cast: Beastly Appendage |    15 |     3 |       |       |       ||    18
       Sticks to Snakes  |     2 |     1 |    27 |     2 |       ||    32
       Spider Form       |     1 |    16 |    51 |    64 |     9 ||   141
       Blade Hands       |       |       |       |     1 |       ||     1
Invok: Heroism           |       |       |       |     1 |     2 ||     3
 Abil: End Transformatio |       |       |     1 |     2 |       ||     3
Evoke: Wand              |       |       |     6 |       |       ||     6
  Use: Potion            |       |     1 |     4 |     2 |     2 ||     9
       Scroll            |       |     9 |     9 |     7 |     3 ||    28
 Stab: Sleeping          |     1 |       |     5 |     2 |       ||     8
  Eat: Chunk             |     1 |     9 |    16 |    46 |     3 ||    75
       Ration            |       |       |     2 |       |       ||     2
Armor: Robe              |    13 |     6 |     5 |     8 |     1 ||    33
       Skin              |     3 |     4 |     8 |     4 |     2 ||    21
Dodge: Dodged            |    77 |    85 |   276 |   676 |   108 ||  1222
Block: Other             |       |       |       |     2 |       ||     2
